 Dungeon Crawl Stone Soup version bcrawl-1.37.2 (webtiles) character file.

Game seed: 6074748705079727113

76959 Mehrunes the Sneak (level 1, 0/13 HPs)
             Began as a Vampire Enchanter on Nov 10, 2022.
             Succumbed to a goblin's poison
             ... on level 1 of the Dungeon.
             The game lasted 00:01:03 (308 turns).

Mehrunes the Sneak (Vampire Enchanter)               Turns: 308, Time: 00:01:04

Health: 0/13       AC:  2    Str: 11    XL:     1   Next: 75%
Magic:  0/3        EV: 12    Int: 15    God:
Gold:   115        SH:  0    Dex: 13    Spells: 3/4 levels left

rFire    . . .     GDR:     25% a - +1 dagger
rCold    . . .     SeeInvis +   (no shield)
rNeg     + . .     Gourm    .   b - +0 robe
rPois    .         Faith    .   (no helmet)
rElec    .         Spirit   .   (no cloak)
rCorr    .         Reflect  .   (no gloves)
MR       .....                  (no boots)
Stlth    ++++......             (no amulet)
HPRegen  0.12/turn              (no ring)
MPRegen  0.08/turn              (no ring)

@: lethally poisoned (0 -> -25)
A: claws 1, fangs 3, see invisible, unbreathing
a: no special abilities


You were on level 1 of the Dungeon.
You were not thirsty.

You visited 1 branch of the dungeon, and saw 1 of its levels.

You collected 115 gold pieces.

Inventory:

Hand Weapons
 a - a +1 dagger (weapon)
 f - a +0 short sword
Armour
 b - a +0 robe (worn)
Scrolls
 d - a scroll of fog
 h - 2 scrolls of teleportation {unknown}
 i - a scroll of identify
Potions
 c - a potion of lignification {unknown}
 e - a potion of invisibility
 g - a potion of degeneration {unknown}
 j - a potion of brilliance {unknown}
 q - 2 potions of blood


   Skills:
 + Level 1.5 Short Blades
 - Level 2.1 Dodging
 + Level 5.0 Stealth
 + Level 2.1 Spellcasting
 + Level 4.5 Hexes


You had 3 spell levels left.
You knew the following spells:

 Your Spells              Type           Power        Failure   Level  Hunger
a - Slow                  Hex            ###.....     3%          1    None

Your spell library contained the following spells:

 Spells                   Type           Power        Failure   Level  Hunger
 Confuse                  Hex            ###.....     10%         3    ####...
 Tukima's Dance           Hex            ###.....     10%         3    ####...
 Ensorcelled Hibernation  Hex/Ice        #.....       13%         2    ##.....
 Dazzling Orbs            Conj/Hex       #......      26%         3    ####...
 Cause Fear               Hex            ###.......   32%         4    ######.


Dungeon Overview and Level Annotations

Branches:
Dungeon (1/12)

Altars:


Innate Abilities, Weirdness & Mutations

You have sharp fingernails.
You have razor-sharp teeth.
You have supernaturally acute eyesight. (SInv)
You can survive without breathing.


Message History

Confirm with . or Enter, or press ? or * to list all spells.
Aiming: Slow (safe; 3% risk of failure)
Press: ? - help, Shift-Dir - straight line, f - goblin
Aim: a goblin, wielding a +2 dagger of venom (chance to defeat MR: 71%)
The goblin seems to slow down.
You feel sick.
Casting: Slow (safe; 3% risk of failure)
Confirm with . or Enter, or press ? or * to list all spells.
You don't have enough magic to cast that spell.
You closely miss the goblin.
You feel sick. The goblin hits you but does no damage.
You are lethally poisoned!
You hit the goblin. Your bite misses the goblin.
The goblin is moderately wounded.
You feel sick.
The goblin hits you with a +2 dagger of venom.
You are more poisoned.
* * * LOW HITPOINT WARNING * * *
You feel very sick.
There is an open door here.
You die...

#### #... #.## ###### #.##
#....# ### #######.##
#....##### >. .........'
#....#...# .# ........##
#....#...##.#.###########
#....'..@')..............
##....#...##g.............
#.....##### ......########
#...### K..##.# #...######
...# # #........# ...#
#........# ...# ###
####.....# ..## #..
#.....+ #..


You could see a goblin.

Vanquished Creatures
  A ball python (D:1)
  A giant cockroach (D:1)
  A goblin (D:1)
  A hobgoblin (D:1)
  A rat (D:1)
5 creatures vanquished.

Notes
Turn   | Place    | Note
-------+----------+-------------------------------------------
     0 | D:1      | Mehrunes the Vampire Enchanter began the quest for the Orb.
     0 | D:1      | Reached XP level 1. HP: 13/13 MP: 3/3
   227 | D:1      | Reached skill level 5 in Stealth
   308 | D:1      | Succumbed to a goblin's poison

Skill      XL: |  1 |
---------------+----+-----
Stealth        | 5 |  5.0
Short Blades   | |  1.5
Dodging        | |  2.1
Spellcasting   | |  2.1
Hexes          | |  4.5

Action                   || total
-------------------------++-------
Melee: Dagger            ||    11
 Cast: Slow              ||     6
 Stab: Sleeping          ||     2
Armor: Robe              ||     3
Dodge: Dodged            ||     2
